 Dungeon Sprint DCSS version 0.31-a0-667-g39726597b9 (webtiles) character file.

Game seed: 5815400864973920303

14362 sircluck the Acrobat (level 11, 0/64 HPs)
             Began as a Felid Berserker on Sept 3, 2023.
             Was the Champion of Trog.
             Killed from afar by a deep elf annihilator (64 damage)
             ... with an entropic shot
             ... in the Dungeon (Sprint I: "Red Sonja").
             The game lasted 00:06:30 (2131 turns).

sircluck the Acrobat (Felid Berserker)              Turns: 2131, Time: 00:06:31

Health: 0/64       AC:  2    Str: 15    XL:     11   Next: 87%
Magic:  12/12      EV: 35    Int:  9    God:    Trog [******]
Gold:   391        SH:  0    Dex: 18    Spells: 10/10 levels left
                                        Lives:  0   Deaths: 4

rFire   . .          .
                       - Unarmed
rCold   . . .        (shield unavailable)
rNeg    . . .        (body armour unavailable)
rPois   .            (helmet unavailable)
rElec   .            (cloak unavailable)
rCorr   .            (gloves unavailable)
SInv    +            (boots unavailable)
Will    +....        (no amulet)
Stlth   +++          (no ring)
HPRegen 0.30/turn    (no ring)
MPRegen 0.13/turn

%: no teleportation, random rage (3%)
@: quick
A: very small, claws 1, fangs 3, see invisible, speed 1, shaggy fur 2, stealthy
paws, no weapons or thrown items, no armour, multi-lived, thin skeletal
structure 1, berserk 1, mutation resistance 1, weak 1
a: Renounce Religion, Berserk, Trog's Hand, Brothers in Arms


You were in the Dungeon.
You worshipped Trog.
Trog was exalted by your worship.
You visited 1 branch You collected 1315 gold pieces.
You spent 924 gold pieces at shops.

Inventory:

Jewellery
 i - a ring of magical power
 n - the ring "Xoony" {rF+ Str+4 Int+6}
   (You bought it in a shop in the Dungeon)

   [ring of intelligence]

   Str+4:     It affects your strength (+4).
   Int+6:     It affects your intelligence (+6).
   rF+:       It protects you from fire.
Wands
 g - a wand of iceblast (8)
 h - a wand of flame (2)
 k - a wand of paralysis (7)
Scrolls
 f - a scroll of blinking
 j - a scroll of identify (quivered)
 l - a scroll of poison
Potions
 a - 3 potions of curing
 b - 5 potions of heal wounds
 c - a potion of haste
 d - 2 potions of magic
 e - a potion of berserk rage


   Skills:
 + Level 17.9 Fighting
 + Level 22.3 Dodging
 + Level 17.6 Unarmed Combat


You had 10 spell levels left.
You didn't know any spells.
Your spell library was empty.

Dungeon Overview and Level Annotations

Branches:
Dungeon (1/1)

Altars:
Cheibriados
Dithmenos
Elyvilon
Fedhas
Gozag
Hepliaklqana
Kikubaaqudgha
Makhleb
Nemelex Xobeh
Okawaru
Qazlal
Ru
Sif Muna
Trog
Uskayaw
Vehumet
Wu Jian
Xom
Yredelemnul
Zin
The Shining One
Jiyva
Lugonu

Shops:
D (*([:[(!=:*!==(!=*[[[


Innate Abilities, Weirdness & Mutations

You have sharp claws.
You have razor-sharp teeth.
You have supernaturally acute eyesight. (SInv)
You cover ground quickly. (Speed+)
You are covered in thick fur. (AC +2)
Your paws help you pounce on unaware monsters.
You are incapable of wielding weapons or throwing items.
You cannot wear armour.
You gain extra lives every three experience levels.
You have a somewhat thin skeletal structure. (Dex +2, Stealth+)
You sometimes lose your temper in combat.
You are somewhat resistant to further mutation.
You are weak. (Str -2)


Message History

You open the door.
You are engulfed in a cloud of scalding steam.
Found 108 gold pieces.
Found 243 gold pieces and 4 large rocks.
You are engulfed in a cloud of scalding steam.
Found 54 gold pieces.
There is an open door here.
Found 27 gold pieces.
You are engulfed in a cloud of scalding steam.
Found 27 gold pieces.
You see here 27 gold pieces.
You are engulfed in a cloud of scalding steam.
Found 108 gold pieces.
You now have 364 gold pieces (gained 27).
You are engulfed in a cloud of scalding steam.
You are engulfed in a cloud of scalding steam.
You see here 27 gold pieces.
You are engulfed in a cloud of scalding steam.
You now have 391 gold pieces (gained 27).
You are engulfed in a cloud of scalding steam.
* * * LOW HITPOINT WARNING * * *
You are engulfed in a cloud of scalding steam.
* * * LOW HITPOINT WARNING * * *
There is an open door here.
You close the door.
You start resting.
HP restored.
You open the door.
A merfolk siren comes into view. It is wielding a +0 trident.
A deep elf annihilator comes into view. It is wielding a +0 short sword.
There is an open door here.
A hellwing comes into view.
The merfolk siren shouts!
The deep elf annihilator shouts!
You hear a shout!
A merfolk siren comes into view. It is wielding a +0 spear.
The merfolk siren chants a haunting song.
You resist with some effort.
The deep elf annihilator casts a spell at you.
The entropic shot hits you!!!
Ouch! That really hurt!
You die...

#######################
§§.§†§..§.§§..#..+$§$§#
§####†§...##..'..#§§§§#
.#(###..§#######'#§§§§§#
.#2#$###+# #.@#§§§§§#
##..$#y# #..##§§§§
#..$### #..≈###+##
+..$$$# #..≈4 #.....#
#.m≈e# ###++## #..≈##
#..≈# m..##


You could see a deep elf annihilator, a hellwing (wandering) and 2 merfolk
sirens.

Vanquished Creatures
  A hydra (D)
  2 centaur warriors (D)
  4 demonic crawlers (D)
  Sonja (D)
  A deep troll (D)
  A lindwurm (D)
  8 shining eyes (D)
  An oklob plant (D)
  A gargoyle (D)
  2 unseen horrors (D)
  2 kobold demonologists (D)
  A hornet (D)
  A slime creature (D)
  Sigmund (D)
  A yak (D)
  13 hogs (D)
  2 redbacks (D)
  7 floating eyes (D)
  An ogre (D)
  7 necrophages (D)
  8 jellies (D)
  Ijyb (D)
67 creatures vanquished.

Vanquished Creatures (others)
  2 ballistomycete spores (D)
2 creatures vanquished.

Grand Total: 69 creatures vanquished

Notes
Turn   | Place    | Note
-------+----------+-------------------------------------------
     0 | D        | sircluck the Felid Berserker began the quest for the Orb.
     0 | D        | Reached XP level 1. HP: 10/10 MP: 2/2
     1 | D        | Noticed Ijyb
    10 | D        | Killed Ijyb
    11 | D        | Reached skill level 5 in Dodging
    11 | D        | Reached XP level 2. HP: 7/15 MP: 3/3
    69 | D        | Noticed an ogre
    74 | D        | Killed an ogre
    75 | D        | Reached skill level 7 in Dodging
    75 | D        | Reached XP level 3. HP: 7/20 MP: 4/4
    75 | D        | Reached XP level 4. HP: 8/24 MP: 5/5
   152 | D        | Noticed Sigmund
   160 | D        | Killed Sigmund
   160 | D        | Reached ** piety under Trog
   161 | D        | Reached skill level 10 in Dodging
   161 | D        | Reached XP level 5. HP: 20/29 MP: 6/6
   200 | D        | Found a burning altar of Makhleb.
   200 | D        | Found a viscous altar of Jiyva.
   200 | D        | Found a shimmering altar of Xom.
   200 | D        | Found a corrupted altar of Lugonu.
   200 | D        | Noticed a slime creature
   207 | D        | Killed a slime creature
   208 | D        | Reached skill level 11 in Dodging
   208 | D        | Gained mutation: You are covered in thick fur. (AC +2)
                  | [Felid growth]
   208 | D        | Reached XP level 6. HP: 34/34 MP: 7/7
   211 | D        | Found an ornate altar of the Wu Jian Council.
   211 | D        | Found a shimmering blue altar of Sif Muna.
   213 | D        | Found a radiant altar of Vehumet.
   255 | D        | Found Paejet's Armour Emporium.
   255 | D        | Found an ancient bone altar of Kikubaaqudgha.
   255 | D        | Found a hazy altar of Hepliaklqana.
   255 | D        | Found a hide-covered altar of Uskayaw.
   255 | D        | Found a basalt altar of Yredelemnul.
   255 | D        | Found an opulent altar of Gozag.
   255 | D        | Found a snail-covered altar of Cheibriados.
   255 | D        | Found a sacrificial altar of Ru.
   255 | D        | Found a shadowy altar of Dithmenos.
   255 | D        | Noticed a yak
   260 | D        | Killed a yak
   261 | D        | Reached skill level 12 in Dodging
   261 | D        | Reached XP level 7. HP: 30/39 MP: 8/8
   261 | D        | Found a stormy altar of Qazlal.
   261 | D        | Found a blossoming altar of Fedhas.
   261 | D        | Found a bloodstained altar of Trog.
   261 | D        | Found an iron altar of Okawaru.
   261 | D        | Found a glowing golden altar of the Shining One.
   261 | D        | Found a glowing silver altar of Zin.
   261 | D        | Found a white marble altar of Elyvilon.
   262 | D        | Found a sparkling altar of Nemelex Xobeh.
   327 | D        | Noticed Sonja
   330 | D        | Paralysed by Sonja for 5 turns
   331 | D        | Slain by Sonja
   332 | D        | Found Ficual's Antique Weapon Boutique.
   418 | D        | Noticed a deep troll
   425 | D        | Paralysed by Sonja for 5 turns
   436 | D        | Slain by Sonja
   454 | D        | Killed Sonja
   454 | D        | Reached *** piety under Trog
   455 | D        | Reached skill level 13 in Dodging
   455 | D        | Reached skill level 10 in Unarmed Combat
   455 | D        | Reached XP level 8. HP: 10/45 MP: 9/9
   592 | D        | Killed a deep troll
   593 | D        | Reached skill level 14 in Dodging
   605 | D        | Found Tiwuleh's Armour Emporium.
   631 | D        | Noticed a shining eye
   631 | D        | Noticed a shining eye
   631 | D        | Noticed a shining eye
   735 | D        | Reached skill level 15 in Dodging
   735 | D        | Gained mutation: You sometimes lose your temper in combat.
                  | [a shining eye]
   736 | D        | Noticed a shining eye
   737 | D        | Reached **** piety under Trog
   737 | D        | Noticed a shining eye
   737 | D        | Noticed a shining eye
   737 | D        | Noticed a shining eye
   738 | D        | Killed a shining eye
   739 | D        | Reached XP level 9. HP: 49/49 MP: 10/10
   739 | D        | Paralysed by a floating eye for 3 turns
   739 | D        | Noticed a shining eye
   747 | D        | Killed a shining eye
   748 | D        | Reached skill level 16 in Dodging
   748 | D        | Paralysed by a floating eye for 2 turns
   752 | D        | Killed a shining eye
   752 | D        | Gained mutation: You are weak. (Str -2) [a shining eye]
   753 | D        | Reached ***** piety under Trog
   754 | D        | Gained mutation: You occasionally lose the ability to drink
                  | potions when taking damage. [a shining eye]
   756 | D        | Reached skill level 17 in Dodging
   759 | D        | Killed a shining eye
   759 | D        | Gained mutation: You are robust. (+10% HP) [a shining eye]
   761 | D        | Killed a shining eye
   762 | D        | Reached XP level 10. HP: 61/61 MP: 11/11
   762 | D        | Gained mutation: You are vulnerable to heat. (rF-) [a
                  | shining eye]
   764 | D        | Killed a shining eye
   765 | D        | Reached skill level 18 in Dodging
   766 | D        | Gained mutation: You have a somewhat thin skeletal
                  | structure. (Dex +2, Stealth+) [a shining eye]
   767 | D        | Killed a shining eye
   771 | D        | Killed a shining eye
   782 | D        | Found Loymirue's Book Shop.
   782 | D        | Found Cuefyep's General Store.
   782 | D        | Found Litagim's Antique Armour Boutique.
   782 | D        | Found Baagreun's Antique Weapon Emporium.
   800 | D        | Bought 2 potions of heal wounds for 110 gold pieces
   821 | D        | Noticed a centaur warrior
   821 | D        | Noticed a centaur warrior
   840 | D        | Killed a centaur warrior
   841 | D        | Reached skill level 15 in Fighting
   846 | D        | HP: 4/93 [centaur warrior (2)]
   847 | D        | Killed a centaur warrior
   848 | D        | Reached skill level 19 in Dodging
   848 | D        | Reached skill level 15 in Unarmed Combat
  1033 | D        | Reached ****** piety under Trog
  1044 | D        | Noticed an oklob plant
  1050 | D        | Killed an oklob plant
  1125 | D        | Reached XP level 11. HP: 64/68 MP: 12/12
  1134 | D        | Reached skill level 20 in Dodging
  1184 | D        | Found Anexe's Distillery.
  1184 | D        | Found Keily's Weapon Shop.
  1184 | D        | Found Qeps's Jewellery Boutique.
  1186 | D        | Found Mekix's Book Emporium.
  1186 | D        | Found Voruga Erusk's General Store.
  1186 | D        | Found Kueh's Distillery.
  1186 | D        | Found Letug's Jewellery Boutique.
  1186 | D        | Found Zygilil's Jewellery Emporium.
  1186 | D        | Found Nuplupir's Antique Weapon Shop.
  1186 | D        | Found Cetucva's Distillery.
  1272 | D        | Found Ereky's Jewellery Boutique.
  1275 | D        | Found Inlunwus's Antique Armour Emporium.
  1275 | D        | Found Zogh's General Store.
  1276 | D        | Bought a potion of heal wounds for 60 gold pieces
  1276 | D        | Found Xaghev's Armour Emporium.
  1277 | D        | Bought a potion of mutation for 112 gold pieces
  1278 | D        | Bought the ring "Xoony" {rF+ Str+4 Int+6} for 642 gold
                  | pieces
  1285 | D        | Lost mutation: You occasionally lose the ability to drink
                  | potions when taking damage. [potion of mutation]
  1285 | D        | Lost mutation: You are robust. (+10% HP) [potion of
                  | mutation]
  1285 | D        | Lost mutation: You have a somewhat thin skeletal structure.
                  | (Dex +2, Stealth+) [potion of mutation]
  1285 | D        | Lost mutation: You are vulnerable to heat. (rF-) [potion of
                  | mutation]
  1285 | D        | Gained mutation: You have a somewhat thin skeletal
                  | structure. (Dex +2, Stealth+) [potion of mutation]
  1285 | D        | Gained mutation: You are somewhat resistant to further
                  | mutation. [potion of mutation]
  1356 | D        | Noticed a demonic crawler
  1356 | D        | Noticed a demonic crawler
  1356 | D        | Noticed a demonic crawler
  1356 | D        | Noticed a demonic crawler
  1360 | D        | Killed a demonic crawler
  1363 | D        | Killed a demonic crawler
  1369 | D        | Mangled by a demonic crawler
  1370 | D        | Noticed a lorocyproca
  1385 | D        | Annihilated by a lorocyproca
  1396 | D        | Killed a demonic crawler
  1397 | D        | Reached skill level 21 in Dodging
  1402 | D        | Killed a demonic crawler
  1525 | D        | Noticed a lindwurm
  1533 | D        | Killed a lindwurm
  1570 | D        | Reached skill level 22 in Dodging
  1682 | D        | Noticed a 12-headed hydra
  1685 | D        | Killed a 12-headed hydra
  2130 | D        | Noticed a deep elf annihilator
  2131 | D        | Killed from afar by a deep elf annihilator

Illustrated notes

Levels and vault maps discovered:
D:        dungeon_sprint_1 [red_sonja_temple_1, red_sonja_temple_small_1]

Skill      XL: |  1  2  3  4  5  6  7  8  9 10 11 |
---------------+----------------------------------+-----
Fighting       | 4 6 7 9 11 12 14 15 17 | 17.9
Dodging        | 5 7 10 11 12 13 15 17 19 22 | 22.3
Unarmed Combat | 4 6 7 8 9 10 12 13 15 17 | 17.6

Action                     |  1- 3 |  4- 6 |  7- 9 | 10-12 || total
---------------------------+-------+-------+-------+-------++-------
  Melee: Unarmed           |    11 |    16 |    29 |   172 ||   228
         Bite              |     1 |     1 |     4 |    27 ||    33
         Punch             |       |     1 |     2 |    18 ||    21
 Invoke: Berserk           |     1 |     1 |     1 |     5 ||     8
  Evoke: Wand              |     1 |     4 |     8 |       ||    13
    Use: Scroll            |       |       |       |     1 ||     1
         Potion            |       |       |       |     1 ||     1
   Stab: Paralysed         |       |       |     2 |       ||     2
         Sleeping          |       |       |       |     1 ||     1
 Armour: Skin              |     3 |     2 |    14 |    67 ||    86
  Dodge: Dodged            |     3 |     9 |    16 |   235 ||   263

Table legend: (Time is in decaauts)
 A = Elapsed time spent in this place.
 B = Non-inter-level travel time spent in this place.
 C = Inter-level travel time spent in this place.
 D = Time resting spent in this place.
 E = Time spent auto-exploring this place.
 F = Levels seen in this place.
 G = Mean time per level.
                   A        B        C        D        E       F      G
               +--------+--------+--------+--------+--------+-----+--------+
         Total |   2058 |   2046 |     12 |   1281 |    215 |   1 | 2058.0 |
       Dungeon |   2058 |   2046 |     12 |   1281 |    215 |   1 | 2058.0 |
               +--------+--------+--------+--------+--------+-----+--------+

Top non-repeatable levels by time:
       D: 2058 daAuts
